AoeStats
← El Professor

African Clearing

510392804Analyzed
3v3 RM · 17h ago on Sep 30, 2026· 70m 0s· 6 players
Game mode
Random Map
Map size
Normal (6 player)
Population
200
Speed
Normal
Resources
Standard
Victory
Conquest
Starting age
Dark Age
Ending age
Imperial Age
RankedLock teamsTeams togetherTeam positionsShared explorationLock speedFull tech treeHidden civsTurbo modeCheats
Victory
Defeat
🇬🇧 Romans · United Kingdom
837
+14
🇪🇸 Danes · Spain
835
+14
🇵🇹 Goths · Portugal
745
+19
🇧🇪 Burmese · Belgium
813
-16
🇪🇸 Huns · Spain
799
-16
🇩🇪 Spanish · Germany
786
-15
ninooo95mc
7:00 Loom
16:37 Feudal Age
17:30 Horse Collar
27:16 Castle Age
27:39 Gold Mining
42:50 Forging
42:50 Padded Archer Armor
44:05 Ballistics
43:56 Scale Barding Armor
44:58 Heavy Plow
47:45 Imperial Age
46:48 Stone Mining
49:20 Elite Conquistador
50:29 Leather Archer Armor
TrakaTra
3:50 Loom
13:44 Feudal Age
15:31 Wheelbarrow
14:55 Horse Collar
22:41 Castle Age
25:32 Thumb Ring
26:14 Fletching
26:30 Scale Barding Armor
27:35 Gold Mining
28:26 Bodkin Arrow
28:32 Padded Archer Armor
29:06 Double-Bit Axe
39:53 Imperial Age
37:38 Hand Cart
39:13 Forging
39:29 Caravan
41:05 Parthian Tactics
41:52 Iron Casting
41:18 Bracer
41:39 Chain Barding Armor
ExponentMars848
18:19 Feudal Age
17:15 Loom
19:50 Wheelbarrow
19:39 Man-at-Arms
26:00 Horse Collar
27:48 Gold Mining
33:28 Castle Age
32:30 Forging
32:33 Scale Barding Armor
33:00 Bloodlines
37:00 Husbandry
38:50 Heavy Plow
39:33 Gold Shaft Mining
38:49 Stone Mining
45:42 Hand Cart
46:14 Iron Casting
46:16 Chain Barding Armor
62:22 Manipur Cavalry
66:09 Masonry
66:22 Ballistics
Remy
14:42 Feudal Age
14:46 Man-at-Arms
18:31 Loom
25:56 Castle Age
25:54 Double-Bit Axe
30:35 Squires
29:56 Pikeman
33:01 Horse Collar
33:32 Bow Saw
34:29 Wheelbarrow
36:01 Long Swordsman
36:56 Forging
36:46 Scale Mail Armor
43:01 Imperial Age
40:59 Heavy Plow
41:01 Fletching
43:44 Bodkin Arrow
43:55 Heavy Cavalry Archer
45:42 Chain Mail Armor
47:16 Heavy Scorpion
50:10 Iron Casting
49:36 Padded Archer Armor
49:41 Scale Barding Armor
50:39 Ballistics
51:19 Chemistry
52:11 Leather Archer Armor
52:57 Blast Furnace
54:01 Hand Cart
53:33 Town Watch
54:38 Ring Archer Armor
54:28 Chain Barding Armor
59:19 Plate Barding Armor
58:46 Town Patrol
59:14 Conscription
58:22 Legionary
68:41 Elite Centurion
69:26 Ballistas
68:54 Sappers
Gunther
5:47 Loom
19:54 Feudal Age
20:50 Horse Collar
20:59 Double-Bit Axe
24:13 Forging
24:06 Scale Mail Armor
23:33 Man-at-Arms
27:40 Gold Mining
27:40 Stone Mining
30:32 Castle Age
28:34 Fletching
31:49 Squires
31:11 Pikeman
32:11 Anarchy
36:23 Chain Mail Armor
36:44 Iron Casting
46:37 Imperial Age
45:30 Heavy Plow
45:53 Bow Saw
48:49 Perfusion
49:11 Conscription
48:57 Caravan
50:06 Blast Furnace
51:18 Halberdier
60:02 Ballistics
65:22 Two-Man Saw
El Professor
10:11 Loom
14:02 Feudal Age
15:02 Double-Bit Axe
15:19 Arson
14:56 Man-at-Arms
15:10 Man-at-Arms
16:41 Scale Mail Armor
18:07 Forging
20:46 Gold Mining
26:06 Castle Age
24:28 Horse Collar
24:43 Stone Mining
27:05 Chain Mail Armor
26:59 Heavy Plow
27:11 Squires
27:41 Gambesons
30:47 Iron Casting
30:32 Long Swordsman
33:45 Wheelbarrow
35:00 Bow Saw
34:49 Town Watch
36:42 Hand Cart
36:44 Hamask
38:16 Fletching
48:39 Imperial Age
46:11 Bodkin Arrow
47:58 Masonry
47:52 Murder Holes
49:59 Hoardings
50:09 Stone Shaft Mining
50:13 Gold Shaft Mining
50:17 Town Patrol
51:02 Elite Varangian Guard
51:46 Two-Handed Swordsman
53:08 Conscription
53:27 Stone Shaft Mining
54:57 Bracer
55:55 Padded Archer Armor
57:35 Leather Archer Armor
60:38 Elite Skirmisher
61:25 Thumb Ring
67:24 Cranequins
Connection lost

Rejoining the realm…

Still unreachable

The connection could not be restored.

Session expired

The server has moved on; the page needs a fresh start.